 Dungeon Crawl Stone Soup version 0.28.0-1-gb440e238dd (webtiles) character file.

Game seed: 5776645794083302899

164 issech the Cudgeller (level 5, -6/53 HPs)
             Began as a Troll Monk on Feb 25, 2022.
             Mangled by a hornet zombie (9 damage)
             ... on level 4 of the Dungeon.
             The game lasted 00:09:27 (2888 turns).

issech the Cudgeller (Troll Monk)                   Turns: 2888, Time: 00:09:27

Health: -6/53      AC:  5    Str: 19    XL:     5   Next: 21%
Magic:  4/4        EV: 11    Int:  6    God:
Gold:   138        SH:  0    Dex: 14    Spells: 4/4 levels left

rFire   . . .      SeeInvis .   a - +0 mace
rCold   . . .      Faith    .   (no shield)
rNeg    . . .      Spirit   .   b - +0 robe
rPois   .          Reflect  .   (helmet restricted)
rElec   .          Harm     .   v - +0 cloak
rCorr   .          Rampage  .   (gloves unavailable)
Will    .....                   (boots unavailable)
Stlth   ++........              n - amulet of magic regeneration
HPRegen 0.97/turn               (no ring)
MPRegen 0.49/turn               (no ring)

@: no status effects
A: large, unfitting armour, claws 3, regeneration 1, shaggy fur 1, tough skin 1
a: no special abilities


You were on level 4 of the Dungeon.
You visited 1 branch of the dungeon, and saw 4 of its levels.

You collected 138 gold pieces.

Inventory:

Hand Weapons
 a - a +0 mace (weapon)
Missiles
 g - 10 boomerangs (quivered)
 h - 61 stones
 l - 16 arrows
 q - 2 poisoned darts
 s - 6 javelins
 t - a large rock
Armour
 b - a +0 robe (worn)
 v - a +0 cloak (worn)
Magical Staves
 p - a staff of conjuration
Jewellery
 n - an amulet of magic regeneration (around neck)
Wands
 k - a wand of mindburst (17)
Scrolls
 e - a scroll of enchant armour {unknown}
 j - 2 scrolls of identify {unknown}
 o - 2 scrolls of teleportation {unknown}
 r - a scroll of immolation {unknown}
Potions
 c - 3 potions of curing {unknown}
 d - a potion of degeneration {unknown}
 f - 3 potions of mutation {unknown}
 i - a potion of invisibility {unknown}
 m - a potion of heal wounds {unknown}
 u - a potion of lignification {unknown}


   Skills:
 + Level 3.0 Fighting
 + Level 3.8 Maces & Flails
 + Level 3.6 Dodging
 + Level 1.3 Stealth


You had 4 spell levels left.
You didn't know any spells.
Your spell library was empty.

Dungeon Overview and Level Annotations

Branches:
Dungeon (4/15)
 Temple: D:4-7

Altars:
Beogh


Innate Abilities, Weirdness & Mutations

You are too large for most types of armour.
You have claws for hands.
Your natural rate of healing is unusually fast.
You are covered in fur. (AC +1)
You have tough skin. (AC +1)


Message History

The hornet zombie completely misses you.
You sock the hornet zombie!
The hornet zombie is heavily damaged.
The hornet zombie misses you. The hornet zombie hits you!
You sock the hornet zombie!
The hornet zombie is severely damaged.
The hornet zombie misses you.
You barely miss the hornet zombie.
The hornet zombie is severely damaged.
The hornet zombie hits you. x2
* * * LOW HITPOINT WARNING * * *
You hit the hornet zombie.
The hornet zombie is severely damaged.
The hornet zombie hits you!
* * * LOW HITPOINT WARNING * * *
The hornet zombie misses you.
There is a stone staircase leading up here.
You hit the hornet zombie.
The hornet zombie is almost destroyed.
The hornet zombie barely misses you. The hornet zombie hits you.
* * * LOW HITPOINT WARNING * * *
You hit the hornet zombie.
The hornet zombie is almost destroyed.
The hornet zombie closely misses you.
You hit the hornet zombie.
The hornet zombie is almost destroyed.
The hornet zombie barely misses you. The hornet zombie hits you.
* * * LOW HITPOINT WARNING * * *
You see here a +0 robe.
A worm comes into view.
Found a scroll labelled KUNAMI JAOMM.
The hornet zombie hits you.
* * * LOW HITPOINT WARNING * * *
A goblin comes into view. It is wielding a +0 club.
Found a stone staircase leading down.
You hit the hornet zombie but do no damage.
The hornet zombie is almost destroyed.
The hornet zombie hits you!
* * * LOW HITPOINT WARNING * * *
The hornet zombie hits you!
You die...

#. .. . . #.##. #.#..
##...## #..#.. #
.g##....##########.#
..?.w..@Z..........#..
....##.#####[.........
. ..> #..<........
#### #...........
#$..........
#...........
.............
###...........
##.(........


You could see a worm, a hornet zombie and a goblin (asleep).

Vanquished Creatures
  The ghost of NotreDorf the Poker, a weakling MfCA of Ignis (D:3)
  An orc wizard (D:3)
  2 adders (D:2)
  2 worms
  3 dart slugs
  5 orcs (D:3)
  8 bats
  4 endoplasms
  2 giant cockroaches (D:1)
  4 goblins
  3 hobgoblins
  5 kobolds
  8 ball pythons
  7 frilled lizards
  10 rats
65 creatures vanquished.

Notes
Turn   | Place    | Note
-------+----------+-------------------------------------------
     0 | D:1      | issech the Troll Monk began the quest for the Orb.
     0 | D:1      | Reached XP level 1. HP: 22/22 MP: 0/0
   128 | D:1      | Reached XP level 2. HP: 25/29 MP: 1/1
   586 | D:1      | Reached XP level 3. HP: 36/36 MP: 2/2
  1473 | D:2      | Reached XP level 4. HP: 30/44 MP: 3/3
  2041 | D:3      | Found a runed translucent door.
  2041 | D:3      | Noticed NotreDorf's ghost (weakling MfCA)
  2108 | D:3      | Killed NotreDorf's ghost
  2109 | D:3      | Reached XP level 5. HP: 53/53 MP: 4/4
  2179 | D:3      | Found a faded altar of an unknown god.
  2332 | D:3      | Noticed a black bear
  2888 | D:4      | Mangled by a hornet zombie

Illustrated notes

Levels and vault maps discovered:
D:1:      dpeg_arrival_ratfight, layout_loops_ring, minivault_14
D:2:      layout_basic
D:3:      layout_basic, hellmonk_ecumenical_altar_defaced_shrine,
          gammafunk_ghost_grave, minmay_statues_item, dk_noncrumbling_3
D:4:      layout_rooms, mainiacjoe_overflow_swirl, portal_sewer_entry_b,
          gammafunk_ghost_smash, nicolae_elemental_shop

Skill      XL: |  1  2  3  4 |
---------------+-------------+-----
Maces & Flails | 3 |  3.8
Dodging        | 3 |  3.6
Fighting       | 3 |  3.0
Stealth        | |  1.3

Action                   |  1- 3 |  4- 6 || total
-------------------------+-------+-------++-------
Melee: Mace              |   131 |   133 ||   264
       Punch             |     2 |     3 ||     5
Throw: Boomerang         |       |     1 ||     1
 Stab: Sleeping          |     4 |     2 ||     6
Armor: Robe              |    48 |    59 ||   107
Dodge: Dodged            |    76 |    86 ||   162
